 Dungeon Crawl Stone Soup version 0.31.0-11-ge490571c62 (webtiles) character file.

Game seed: 15726761767860995801

25 qw the Shooter (level 2, 0/16 HPs)
             Began as a Deep Elf Hunter on Feb 4, 2024.
             Succumbed to an adder's poison
             ... on level 2 of the Dungeon.
             The game lasted 00:00:02 (746 turns).

qw the Shooter (Deep Elf Hunter)                     Turns: 746, Time: 00:00:03

Health: 0/16       AC:  3    Str:  8    XL:     2   Next: 82%
Magic:  4/4        EV: 12    Int: 13    God:
Gold:   19         SH:  0    Dex: 18    Spells: 1/1 levels left

rFire   . . .        a - +0 shortbow
rCold   . . .        (shield currently unavailable)
rNeg    . . .        c - +0 leather armour
rPois   .            (no helmet)
rElec   .            (no cloak)
rCorr   +            (no gloves)
SInv    .            (no boots)
Will    .....        (no amulet)
Stlth   ++           f - ring of resist corrosion
HPRegen 0.22/turn    (no ring)
MPRegen 0.09/turn

%: no passive effects
@: lethally poisoned (0 -> -5), about to teleport
A: no striking features
a: no special abilities


You were on level 2 of the Dungeon.
You visited 1 branch of the dungeon, and saw 2 of its levels.

You collected 19 gold pieces.


   Skills:
 - Level 1.5 Fighting
 + Level 6.5 Ranged Weapons
 - Level 2.4 Dodging
 - Level 1.2 Stealth


You had one spell level left.
You didn't know any spells.
Your spell library was empty.

Inventory:

Hand Weapons
 a - a +0 shortbow (weapon)
Armour
 c - a +0 leather armour (worn)
Jewellery
 f - a ring of resist corrosion (left hand)
Potions
 d - a potion of brilliance {unknown}
 g - a potion of invisibility {unknown}

Dungeon Overview and Level Annotations

Branches:
Dungeon (2/15)

Altars:

Shops:
D:1 (


Message History

Your surroundings suddenly seem different.
Partly explored, can't reach some items and places.
735 ||| DROPPING scroll of butterflies.
You drop a scroll of butterflies.
Partly explored, can't reach some items and places.
What level of the Dungeon? (default 1, ? - help)
There is a stone staircase leading down here.
You climb downwards.
The adder hisses angrily.
Found a cyan potion.
There is a stone staircase leading up here.
An adder is nearby!
Waypoint 1 assigned to D:2.
You shoot an arrow.
The arrow hits the adder but does no damage.
You shoot an arrow. The arrow hits the adder.
The adder is moderately wounded.
You shoot an arrow. The arrow closely misses the adder.
The adder bites you.
You are poisoned.
The adder poisons you!
You shoot an arrow.
The arrow hits the adder but does no damage.
The adder is moderately wounded.
You feel sick. The adder barely misses you.
You shoot an arrow. The arrow hits the adder.
The adder is heavily wounded.
You feel sick. The adder bites you. The adder barely misses you.
You shoot an arrow. The arrow completely misses the adder.
You feel sick.
You are no longer poisoned.
The adder barely misses you.
You shoot an arrow.
The arrow hits the adder but does no damage.
The adder is moderately wounded.
The adder bites you. x2
You are lethally poisoned!
The adder poisons you!
746 ||| READING scroll of teleportation.
As you read the scroll of teleportation, it crumbles to dust.
You feel strangely unstable.
You die...

###### #
..!..#
#.##.....#
#..@S....#
####.....#
.....#
######


You could see an adder.

Vanquished Creatures
  A dart slug (D:1)
  5 bats (D:1)
  2 endoplasms (D:1)
  2 giant cockroaches (D:1)
  A goblin (D:1)
  2 hobgoblins (D:1)
  3 quokkas (D:1)
  A ball python (D:1)
  2 frilled lizards (D:1)
  A rat (D:1)
20 creatures vanquished.

Notes
Turn   | Place    | Note
-------+----------+-------------------------------------------
     0 | D:1      | qw the Deep Elf Hunter began the quest for the Orb.
     0 | D:1      | Reached XP level 1. HP: 12/12 MP: 3/3
     0 | D:1      | 0 ||| qw: Version: 0.3-a-160-g6735b56
     0 | D:1      | 0 ||| qw: Game counter: 4561
     0 | D:1      | 0 ||| qw: Melee chars always use a shield: true
     0 | D:1      | 0 ||| qw: God list: Okawaru
     0 | D:1      | 0 ||| qw: Allow faded altars: false
     0 | D:1      | 0 ||| qw: Do Orc after clearing Dungeon:15 true
     0 | D:1      | 0 ||| qw: Do second Lair branch before Depths: true
     0 | D:1      | 0 ||| qw: Lair rune preference: random
     0 | D:1      | 0 ||| qw: Goals: Normal
     0 | D:1      | 0 ||| PLANNING D:1-11
    53 | D:1      | Found a faded altar of an unknown god.
   101 | D:1      | Reached XP level 2. HP: 16/16 MP: 4/4
   129 | D:1      | Reached skill level 6 in Ranged Weapons
   383 | D:1      | Found Miapre's Antique Weapon Shoppe.
   730 | D:1      | 730 ||| UPGRADING to ring of resist corrosion.
   731 | D:1      | 731 ||| READING 2 scrolls labelled SUTHRA ASAADEFE.
   735 | D:1      | 735 ||| DROPPING scroll of butterflies.
   745 | D:2      | HP: 2/16 [adder (3)]
   746 | D:2      | 746 ||| READING scroll of teleportation.
   746 | D:2      | Succumbed to an adder's poison

Levels and vault maps discovered:
D:1:      lemuel_arrival_lava_pool, layout_basic,
          chequers_ecumenical_altar_simple_redux, serial_shops, shop,
          lemuel_flame_loot_1
D:2:      layout_loops_cross, serial_shops, nicolae_shop_waterfront,
          uniq_natasha

Skill      XL: |  1  2 |
---------------+-------+-----
Ranged Weapons | 6 |  6.5
Fighting       | |  1.5
Dodging        | |  2.4
Stealth        | |  1.2

Action                     || total
---------------------------++-------
   Fire: Shortbow          ||    69
    Use: Scroll            ||     2
 Armour: Leather armour    ||    21
  Dodge: Dodged            ||    15

Table legend:
 A = Non-vault XP
 B = Vault XP
 C = Vault XP percentage of total XP
 D = Non-vault monster count
 E = Vault monster count
 F = Vault count percentage of total count
                 A         B        C        D         E       F
            +---------+---------+-------+---------+---------+-------
      Total |      36 |       0 |   0.0 |      20 |       0 |   0.0
            +---------+---------+-------+---------+---------+-------
        D:1 |      36 |       0 |   0.0 |      20 |       0 |   0.0
            +---------+---------+-------+---------+---------+-------
